 Dungeon Crawl Stone Soup version 0.30.1-4-g462c640d31 (webtiles) character file.

Game seed: 3557809419299665099

87 Fortress the Insei (level 4, -1/32 HPs)
             Began as a Demonspawn Transmuter on Aug 11, 2023.
             Slain by a gnoll bouda
             ... wielding a +0 whip
              (12 damage)
             ... on level 3 of the Dungeon.
             The game lasted 00:07:21 (1764 turns).

Fortress the Insei (Demonspawn Transmuter)          Turns: 1764, Time: 00:07:22

Health: -1/32      AC:  4    Str: 10    XL:     4   Next: 28%
Magic:  7/7        EV: 12    Int: 17    God:
Gold:   91         SH:  0    Dex: 13    Spells: 6/7 levels left

rFire   . .          .
                       - Unarmed
rCold   . . .        e - orb {light}
rNeg    . . .        a - +0 robe
rPois   .            (helmet currently unavailable)
rElec   .            j - +0 cloak
rCorr   .            (no gloves)
SInv    .            (boots currently unavailable)
Will    +....        (no amulet)
Stlth   +            i - ring of willpower
HPRegen 0.25/turn    (no ring)
MPRegen 0.10/turn

%: no passive effects
@: appendages, glowing
A: horns 2, talons 2, rugged brown scales 1
a: End Transformation


You were on level 3 of the Dungeon.
You had temporarily grown beastly horns and talons.
You visited 1 branch of the dungeon, and saw 3 of its levels.

You collected 91 gold pieces.

Inventory:

Hand Weapons
 g - a +3 antimagic dagger
Missiles
 l - 5 poisoned darts
Armour
 a - a +0 robe (worn)
 e - an orb of light (worn)
 f - a +0 ring mail
 j - a +0 cloak (worn)
Jewellery
 i - a ring of willpower (left hand)
Scrolls
 h - a scroll of amnesia
 n - a scroll of immolation {unknown}
Potions
 b - a potion of lignification
 c - a potion of berserk rage {unknown}
 k - a potion of heal wounds {unknown}
 m - a potion of attraction {unknown}
 o - a potion of might {unknown}


   Skills:
 + Level 1.2 Fighting
 - Level 2.0 Dodging
 + Level 4.1 Unarmed Combat
 + Level 2.4 Spellcasting
 + Level 2.0 Transmutations


You had 6 spell levels left.
You knew the following spells:

 Your Spells              Type           Power      Damage    Failure   Level
a - Beastly Appendage     Tmut           18%        N/A       8%          1

Your spell library contained the following spells:

 Spells                   Type           Power      Damage    Failure   Level
 Wereblood                Tmut           9%         N/A       12%         2
 Spider Form              Tmut/Pois      5%         N/A       36%         3
 Ozocubu's Armour         Ice            2%         N/A       50%         3
 Ice Form                 Ice/Tmut       5%         N/A       77%         4
 Ozocubu's Refrigeration  Ice            1%         4d7       100%        7


Dungeon Overview and Level Annotations

Branches:
Dungeon (3/15)

Altars:


Innate Abilities, Weirdness & Mutations

You have temporarily grown beastly horns and talons.
You are partially covered in rugged brown scales. (AC +1, +3% HP)


Message History

The gnoll bouda barks out a call to the hunt!
The gnolls pick up the pace!
The gnoll barely misses you.
You hit the gnoll. You headbutt the gnoll.
The gnoll is severely wounded.
A frilled lizard comes into view.
The gnoll misses you.
The frilled lizard hisses angrily.
You hit the gnoll. You claw the gnoll.
You kill the gnoll!
The gnoll bouda gazes fiercely through you!
You feel as though you will be weak longer.
Your Unarmed Combat skill increases to level 4!
You barely miss the gnoll. You claw the gnoll, but do no damage.
You headbutt the gnoll.
The gnoll is lightly wounded.
The gnoll closely misses you.
You hit the gnoll but do no damage. You claw the gnoll, but do no damage.
You headbutt the gnoll.
The gnoll is moderately wounded.
The gnoll closely misses you.
You hit the gnoll. You claw the gnoll. You headbutt the gnoll.
You kill the gnoll!
You hit the gnoll bouda. You claw the gnoll bouda.
Your headbutt misses the gnoll bouda.
The gnoll bouda is moderately wounded.
The gnoll bouda misses you.
You hit the gnoll bouda but do no damage.
The gnoll bouda is moderately wounded.
The gnoll hits you from afar with a +0 spear!
The gnoll bouda hits you with a +0 whip!
You feel better.
Your attacks no longer feel as feeble.
The gnoll hits you from afar with a +0 spear.
The gnoll bouda hits you but does no damage.
You hit the gnoll bouda. You claw the gnoll bouda.
The gnoll bouda is severely wounded.
The gnoll hits you from afar with a +0 spear.
The gnoll bouda hits you with a +0 whip!
You die...

..................
.......).......###
....######.......#
###.# #.......#
#.# #.......# #.#
#.......# #.#
#.......#######
#.#
#..............
#..
...######@######
##. #g# #.


#gg #. #g#. #. #g##. #l# .. #.. #. ... .. You could see a gnoll bouda, 3 gnolls,
a hobgoblin and a frilled lizard.

Vanquished Creatures
  2 gnolls (D:3)
  2 worms (D:2)
  2 dart slugs (D:1)
  6 endoplasms
  2 giant cockroaches (D:1)
  5 hobgoblins
  4 jackals (D:1)
  2 quokkas
  A ball python (D:2)
  6 bats
  2 frilled lizards (D:1)
  7 goblins
  6 kobolds
  9 rats
56 creatures vanquished.

Notes
Turn   | Place    | Note
-------+----------+-------------------------------------------
     0 | D:1      | Fortress the Demonspawn Transmuter began the quest for the
                  | Orb.
     0 | D:1      | Reached XP level 1. HP: 15/15 MP: 3/3
   175 | D:1      | Reached skill level 3 in Unarmed Combat
   177 | D:1      | Gained mutation: You are partially covered in rugged brown
                  | scales. (AC +1, +3% HP) [demonic ancestry]
   177 | D:1      | Reached XP level 2. HP: 7/21 MP: 3/5
   532 | D:1      | Reached XP level 3. HP: 20/26 MP: 6/6
  1694 | D:3      | Found Soell's Magic Scroll Shop.
  1721 | D:3      | Reached XP level 4. HP: 29/32 MP: 7/7
  1758 | D:3      | Reached skill level 4 in Unarmed Combat
  1764 | D:3      | Slain by a gnoll bouda

Illustrated notes

Levels and vault maps discovered:
D:1:      saegor_arrival_simple_e, layout_basic, minivault_14
D:2:      layout_basic
D:3:      layout_basic, serial_shops, shop, nicolae_shop_peninsula,
          kennysheep_generic_room_14

Skill      XL: |  1  2  3  4 |
---------------+-------------+-----
Unarmed Combat | 3 4 |  4.1
Dodging        | 2 |  2.0
Transmutations | 2 |  2.0
Fighting       | |  1.2
Spellcasting   | |  2.4

Action                     |  1- 3 |  4- 6 || total
---------------------------+-------+-------++-------
  Melee: Unarmed           |   155 |    10 ||   165
         Kick              |    11 |     8 ||    19
         Headbutt          |     7 |     5 ||    12
         Punch             |     2 |       ||     2
   Cast: Beastly Appendage |     8 |     1 ||     9
    Use: Scroll            |     3 |       ||     3
         Potion            |       |     1 ||     1
   Stab: Sleeping          |     3 |       ||     3
 Armour: Robe              |    43 |     2 ||    45
  Dodge: Dodged            |   107 |     6 ||   113
